 Dungeon Crawl Stone Soup version 0.21.0-3-g78d12a8 (webtiles) character file.

110 tidbits the Sneak (level 4, -1/23 HPs)
             Began as a Vine Stalker Conjurer on Jan 10, 2018.
             Killed by divine providence
             ... invoked by an orc priest
              (12 damage)
             ... on level 4 of the Dungeon.
             The game lasted 00:06:17 (775 turns).

tidbits the Sneak (Vine Stalker Conjurer)            Turns: 775, Time: 00:06:18

Health: -1/23      AC: -2    Str: 11    XL:     4   Next: 91%
Magic:  0/8        EV: 12    Int: 17    God:
Gold:   82         SH:  0    Dex: 15    Spells: 6/7 levels left

rFire    + . .     SeeInvis .   a - +0 dagger
rCold    + . .     Gourm    +   (no shield)
rNeg     + . .     Faith    .   e - +0 robe
rPois    +         Spirit   +   (no helmet)
rElec    .         Reflect  .   (no cloak)
rCorr    .         Harm     .   (no gloves)
MR       .....     Rnd*Tele +   r - -5 pair of boots of True Grit {rF+ rC+ rN+ Regen+}
Stlth    +++.......             s - amulet of the gourmand
HPRegen  0.87/turn              h - ring of poison resistance
MPRegen  0.11/turn              (no ring)

@: no status effects
A: fangs 2, clever 1, poison resistance, regeneration 1, teleportitis 1, magic
shield, antimagic bite, no potion heal 3, rot immunity
a: no special abilities


You were on level 4 of the Dungeon.
You were not hungry.

You visited 1 branch of the dungeon, and saw 5 of its levels.
You also visited: Sewer.

You collected 82 gold pieces.

Inventory:

Hand Weapons
 a - a +0 dagger (weapon)
 l - a +0 blowgun
Missiles
 k - 31 stones (quivered)
 n - 13 arrows
 o - 10 poisoned needles
Armour
 e - a +0 robe (worn)
 r - the -5 pair of boots of True Grit (worn) {rF+ rC+ rN+ Regen+}
   (You found it on level 4 of the Dungeon)

   It protects you from fire.
   It protects you from cold.
   It protects you from negative energy.
   It increases your rate of regeneration.
Jewellery
 h - a ring of poison resistance (left hand)
   (You found it on level 3 of the Dungeon)
 s - an amulet of the gourmand (around neck)
   (You found it on level 5 of the Dungeon)
Wands
 d - a wand of digging (7)
Scrolls
 f - a scroll of immolation {unknown}
 g - a scroll of remove curse {unknown}
 i - a scroll of blinking {unknown}
 j - a scroll of identify
 m - a scroll of enchant weapon {unknown}
 q - a scroll of teleportation {unknown}
Books
 b - a book of Conjurations

   Spells                             Type                      Level
   a - Magic Dart                     Conjuration                  1
   b - Searing Ray                    Conjuration                  2
   c - Dazzling Spray                 Conjuration/Hexes            3
   d - Fulminant Prism                Conjuration/Hexes            4
   e - Force Lance                    Conjuration/Translocation    4
   f - Iskenderun's Mystic Blast      Conjuration                  4
Comestibles
 c - 2 rations


   Skills:
 + Level 2.5 Fighting
 + Level 0.5 Short Blades
 - Level 1.5 Dodging
 + Level 4.7 Stealth
 - Level 2.1 Spellcasting
 - Level 4.0 Conjurations


You had 6 spell levels left.
You knew the following spells:

 Your Spells              Type           Power        Failure   Level  Hunger
a - Magic Dart            Conj           ###.         3%          1    #......


Dungeon Overview and Level Annotations

Branches:
Dungeon (5/15)
 Temple: D:4-7

Altars:
Dithmenos


Innate Abilities, Weirdness & Mutations

You have extremely sharp teeth.
Your natural rate of healing is unusually fast.
When hurt, damage is shared between your health and your magic reserves.
Your bite disrupts and absorbs the magic of your enemies.
Potions cannot restore your health.
You are immune to rotting.
Your mind is acute. (Int +2)
Your system is resistant to poisons. (rPois)
You are occasionally teleported next to monsters.


Message History

Found 23 stones.
An orc comes into view. It is wielding a flail of protection.
An orc priest comes into view. It is wielding a flail.
Casting: Magic Dart
Confirm with . or Enter, or press ? or * to list all spells.
Aiming: Magic Dart
Press: ? - help, Shift-Dir - straight line, f - orc
Aim: an orc, wielding a flail of protection The magic dart hits the orc.
Casting: Magic Dart
Confirm with . or Enter, or press ? or * to list all spells.
Aiming: Magic Dart
Press: ? - help, Shift-Dir - straight line, f/p - orc
Aim: an orc, wielding a flail of protection The magic dart hits the orc.
The orc is lightly wounded.
The orc barely misses you.
Unknown command.
Press: ? - help, v - describe, . - travel
Here: an orc, wielding a flail of protection (lightly wounded)
The floor.
Found a dented peridot amulet.
You see here a dented peridot amulet.
s - a dented peridot amulet The orc closely misses you.
Put on which piece of jewellery? (? for menu, Esc to quit)
You feel a craving for the dungeon's cuisine.
s - an amulet of the gourmand (around neck) Unknown command.
A bullfrog zombie comes into view.
An orc comes into view. It is wielding a club.
You hear a distant blaring wail to the south.
Found a stone staircase leading up.
An ogre comes into view. It is wielding a giant spiked club.
The orc shouts!
You hear a shout!
A crimson imp comes into view.
There is a stone staircase leading up here.
The bullfrog zombie barely misses you. The orc closely misses you.
The orc hits you with a flail of protection.
You climb upwards.
The orc wizard shouts!
The orc shouts! 4 orcs, 2 orc priests and an orc wizard come into view.
The orc shouts!
The orc priest hits you with a club.
The orc wizard gestures wildly while chanting.
The orc wizard flickers and vanishes!
Deactivating autopickup; reactivate with Ctrl-A.
The orc priest closely misses you.
There is a stone staircase leading down here.
Unknown command.
The orc hits you with a club.
A phantom comes into view.
The orc wizard shouts!
You hear a shout!
The orc priest shouts!
The orc shouts!
The orc priest miscasts a cantrip.
The orc hits you with a club.
Found a scroll labeled QEZUIW RUYFEL.
An orc wizard comes into view. It is wielding a dagger.
The orc wizard moves out of view.
As you read the scroll labeled QEZUIW RUYFEL, it crumbles to dust.
It is a scroll of identify.
p - a potion of mutation The orc hits you but does no damage.
An orc comes into view.
Really quaff
p - a potion of mutation {!q}?
You feel extremely strange.
You feel clever.
You feel weirdly uncertain.
You feel resistant to poisons.
The orc priest calls down the wrath of Beogh upon you.
Beogh smites you!
* * * LOW HITPOINT WARNING * * *
The orc barely misses you.
The orc moves out of view.
Unknown command.
Okay, then.
There is an open door here.
The orc wizard gestures at you while chanting.
You resist with some effort.
An orc wizard comes into view. It is wielding a dagger.
The orc wizard casts a spell at you.
You are confused.
You aren't carrying any potions.
Unknown command.
Found a ration.
There is an open door here.
The orc barely misses you.
The orc wizard gestures wildly while chanting.
The orc wizard flickers and vanishes!
The orc hits you with a club.
There is an open door here.
You bump into the rock wall.
You feel less confused. The orc barely misses you. Something hits you.
* * * LOW HITPOINT WARNING * * *
The orc drinks a potion.
The orc suddenly seems more agile.
The orc priest mumbles some strange prayers to Beogh against you.
Beogh smites you!
Ouch! That really hurt!
You die...

##....oo##.######
###+#+##
....o.oo.oo.....##
..#
.....#'#.#.####.?#
...# .o.. #o#.#.#
#.###...# ... #.#.#.#
#........ # ##
#.#.#W#####.....%..
#.
#.#...o..o#.....#..
...
...........o........
...
...........{#@######
..
............#........
............#..####..
........o.###...
...o......' .#.##
.........# . .#
.##...... . .# ######
#. ..


You could see a phantom, an orc priest and 2 orcs.

Vanquished Creatures
  A scorpion (D:4)
  A worker ant (D:4)
  An adder (D:3)
  A dart slug (D:2)
  An orc (D:4)
  2 ball pythons (D:1)
  3 giant cockroaches
  4 goblins
  A hobgoblin (D:1)
  2 jackals (Sewer)
  2 bats
  3 kobolds (Sewer)
  5 rats
27 creatures vanquished.

Notes
Turn   | Place    | Note
-------+----------+-------------------------------------------
     0 | D:1      | tidbits the Vine Stalker Conjurer began the quest for the Orb.
     0 | D:1      | Reached XP level 1. HP: 9/9 MP: 4/4
   137 | D:1      | Reached skill level 3 in Stealth
   137 | D:1      | Reached XP level 2. HP: 9/14 MP: 0/6
   162 | D:2      | Reached skill level 1 in Fighting
   274 | D:3      | Reached XP level 3. HP: 9/18 MP: 0/7
   296 | D:4      | Found a shadowy altar of Dithmenos.
   296 | D:4      | Noticed an ogre
   380 | D:5      | Entered Level 5 of the Dungeon
   433 | D:4      | Noticed a scorpion
   461 | D:4      | Killed a scorpion
   461 | D:4      | Reached skill level 2 in Fighting
   461 | D:4      | Reached skill level 4 in Stealth
   461 | D:4      | Gained mutation: Your natural rate of healing is unusually fast. [Vine Stalker growth]
   461 | D:4      | Reached XP level 4. HP: 8/23 MP: 1/8
   462 | D:4      | Found a glowing drain.
   492 | Sewer    | Entered a sewer
   554 | Sewer    | Noticed a crocodile
   606 | D:4      | Got a pair of translucent boots
   612 | D:4      | Identified the -5 pair of boots of True Grit {rF+ rC+ rN+ Regen+} (You found it on level 4 of the Dungeon)
   749 | D:5      | Noticed an ogre
   759 | D:4      | Noticed a phantom
   764 | D:4      | Gained mutation: Your mind is acute. (Int +2) [potion of mutation]
   764 | D:4      | Gained mutation: You are occasionally teleported next to monsters. [potion of mutation]
   764 | D:4      | Gained mutation: Your system is resistant to poisons. (rPois) [potion of mutation]
   775 | D:4      | Killed from afar by an orc priest

Skill      XL: |  1  2  3 |
---------------+----------+-----
Stealth        | 3 4 |  4.7
Fighting       | 1 2 |  2.5
Short Blades   | |  0.5
Dodging        | |  1.5
Spellcasting   | |  2.1
Conjurations   | |  4.0

Action                   |  1- 3 |  4- 6 || total
-------------------------+-------+-------++-------
Melee: Dagger            |    35 |    36 ||    71
       Bite              |     8 |     4 ||    12
 Cast: Magic Dart        |    24 |     9 ||    33
  Use: Potion            |       |     3 ||     3
       Scroll            |       |     1 ||     1
 Stab: Sleeping          |     3 |       ||     3
Armor: Robe              |     8 |     6 ||    14
Dodge: Dodged            |    22 |    36 ||    58

Table legend:
 A = Turns spent in this place as a percentage of turns spent in the entire game.
 B = Non-inter-level travel turns spent in this place as a percentage of non-inter-level travel turns spent in the entire game.
 C = Inter-level travel turns spent in this place as a percentage of turns spent in this place.
 D = Turns resting spent in this place as a percentage of non-inter-level travel turns spent in this place.
 E = Turns spent auto-exploring this place as a percentage of non-inter-level travel turns spent in this place.
 F = Non-inter-level travel turns spent in this place divided by the number of levels of this place that you've seen.
                   A       B       C       D       E      F
               +-------+-------+-------+-------+-------+----------------------
         Total | 100.0 | 100.0 |   1.3 |   0.0 |   0.0 | 127.5
       Dungeon |  86.8 |  86.7 |   1.5 |   0.0 |   0.0 | 132.6
         Sewer |  13.2 |  13.3 |   0.0 |   0.0 |   0.0 | 102.0
               +-------+-------+-------+-------+-------+----------------------

Table legend:
 A = Kills in this place as a percentage of kills in entire the game.
 B = Kills by you in this place as a percentage of kills by you in the entire game.
 C = Kills by friends in this place as a percentage of kills by friends in the entire game.
 D = Other kills in this place as a percentage of other kills in the entire game.
 E = Experience gained in this place as a percentage of experience gained in the entire game.
 F = Experience gained in this place divided by the number of levels of this place that you have seen.
                   A       B       C       D       E      F
               +-------+-------+-------+-------+-------+----------------------
         Total | 100.0 | 100.0 |   N/A |   N/A | 100.0 |  26.3
       Dungeon |  81.5 |  81.5 |   N/A |   N/A |  94.9 |  30.0
         Sewer |  18.5 |  18.5 |   N/A |   N/A |   5.1 |   8.0
               +-------+-------+-------+-------+-------+----------------------

Vault maps used:
D:1:      eino_arrival_water_star
D:2:      bloody_trog, nicolae_overflow_crystal_walls
D:3:      elyvilon_altar_5, led_sif_book, first_ration, uniq_natasha,
          uniq_crazy_yiuf_cottage, uniq_robin
D:4:      nicolae_dithmenos_the_darkroom, cheibrodos_sewer_entry_drain
D:5:      kennysheep_little_box, temple_hall, st_stairs_2, fedhas_altar_1
Sewer:    sewer_the_crocodile
